 Dungeon Crawl Stone Soup version 0.22.1-2-g9c5b331383 (webtiles) character file.

508717 Kondratello the Executioner (level 26, 0/218 HPs)
             Began as a Formicid Fighter on Dec 21, 2018.
             Was the Champion of Okawaru.
             Slain by a phantasmal warrior (15 damage)
             ... summoned by a curse skull
             ... on level 4 of the Depths.
             The game lasted 03:00:19 (50157 turns).

Kondratello the Executioner (Formicid Fighter)     Turns: 50157, Time: 03:00:20

Health: 0/218      AC: 33    Str: 31    XL:     26   Next: 76%
Magic:  16/29      EV:  8    Int: 11    God:    Okawaru [******]
Gold:   4670       SH: 23    Dex: 15    Spells: 25/25 levels left

rFire    + + .     SeeInvis +   N - +6 executioner's axe (venom)
rCold    + + .     Gourm    .   J - +1 large shield of the Cricket {rElec}
rNeg     + . .     Faith    +   g - +0 gold dragon scales
rPois    +         Spirit   .   (helmet unavailable)
rElec    +         Reflect  .   E - scarf {rC+ rF+}
rCorr    +         Harm     .   w - +2 pair of gloves
MR       ++...                  e - +2 pair of boots {Fly}
Stlth    ..........             T - amulet of faith
HPRegen  0.46/turn              F - ring of resist corrosion
MPRegen  0.21/turn              B - ring "Xacwailol" {+Fly rN+ Str+2 Dex+4}

@: flayed, flying
A: permanent stasis, dig shafts and tunnels, four strong arms, antennae 3,
mutation resistance 1
}: 2/15 runes: silver, gossamer
a: Dig, Shaft Self, Heroism, Finesse, Renounce Religion, Stop Flying


You were on level 4 of the Depths.
You worshipped Okawaru.
Okawaru was exalted by your worship.
You were hungry.

You visited 7 branches of the dungeon, and saw 37 of its levels.
You visited the Abyss 1 time.
You also visited: Labyrinth, Bailey and Ice Cave.

You collected 5282 gold pieces.
You spent 612 gold pieces at shops.

Inventory:

Hand Weapons
 c - the +7 battleaxe of the Thoughtful People {flame, +Inv rC+ Stlth-}
   (Okawaru gifted it to you on level 2 of the Vaults)

   It has been specially enchanted to burn those struck by it, causing extra
   injury to most foes and up to half again as much damage against particularly
   susceptible opponents.
   Big, fiery blades are also staple armaments of hydra-hunters.
   It protects you from cold.
   It lets you turn invisible.
   It makes you less stealthy.
 C - a +0 executioner's axe of freezing
 N - a +6 executioner's axe of venom (weapon)
Missiles
 o - 2 throwing nets (quivered)
Armour
 e - a +2 pair of boots of flying (worn)
 g - +0 gold dragon scales (worn)
 w - a +2 pair of gloves (worn)
 E - a scarf of resistance (worn)
 J - the +1 large shield of the Cricket (worn) {rElec}
   (Okawaru gifted it to you on level 6 of the Lair of Beasts)

   It insulates you from electricity.
 Y - a +2 large shield of poison resistance
Jewellery
 B - the ring "Xacwailol" (right hand) {+Fly rN+ Str+2 Dex+4}
   (You found it on level 4 of the Vaults)

   [ring of positive energy]

   It affects your strength (+2).
   It affects your dexterity (+4).
   It protects you from negative energy.
   It lets you fly.
 F - a ring of resist corrosion (left hand)
 G - an uncursed ring of protection from cold
 L - an uncursed ring of positive energy
 P - an uncursed ring of protection from fire
 Q - the ring of Apniotz {rCorr rF- Int+9 Slay+3}
   (You took it off an orc on level 5 of the Vaults)

   [ring of resist corrosion]

   It affects your intelligence (+9).
   It affects your accuracy and damage with ranged weapons and melee attacks
   (+3).
   It makes you vulnerable to fire.
 R - an uncursed amulet of regeneration
 T - an amulet of faith (around neck)
 V - an uncursed ring of protection from cold
 X - an uncursed ring of flight
Scrolls
 h - 7 scrolls of amnesia
 k - 2 scrolls of acquirement
 n - 4 scrolls of fear
 q - 5 scrolls of fog
 s - 20 scrolls of remove curse
 D - 7 scrolls of magic mapping
 I - 24 scrolls of identify
 M - 3 scrolls of silence
 O - a scroll of holy word
 W - 9 scrolls of enchant armour
 Z - 4 scrolls of summoning
Potions
 a - 3 potions of agility
 b - 3 potions of mutation
 d - 8 potions of might
 j - 5 potions of lignification
 m - 10 potions of curing
 p - 3 potions of flight
 r - 2 potions of cancellation
 u - 7 potions of magic
 x - 3 potions of invisibility
 z - 4 potions of ambrosia
 A - 4 potions of brilliance
 H - 4 potions of resistance
 K - 2 potions of heal wounds
Comestibles
 f - 69 rations


   Skills:
 - Level 20.0 Fighting
 - Level 26.0 Axes
   Level 2.0 Staves
 + Level 24.9 Armour
 - Level 15.0 Shields
 - Level 8.0 Invocations


You had 25 spell levels left.
You didn't know any spells.
Your spell library contained the following spells:

 Spells                   Type           Power        Failure   Level  Hunger
 Animate Skeleton         Necr           N/A          91%         1    ##.....
 Apportation              Tloc           #.....       91%         1    ##.....
 Confusing Touch          Hex            #.....       91%         1    ##.....
 Corona                   Hex            #......      91%         1    ##.....
 Flame Tongue             Conj/Fire      #....        91%         1    ##.....
 Freeze                   Ice            #...         91%         1    ##.....
 Magic Dart               Conj           #...         91%         1    ##.....
 Shock                    Conj/Air       #...         91%         1    ##.....
 Summon Small Mammal      Summ           #...         91%         1    ##.....
 Call Imp                 Summ           #.......     97%         2    ###....
 Corpse Rot               Necr           N/A          97%         2    ###....
 Ensorcelled Hibernation  Hex/Ice        #.....       97%         2    ###....
 Passwall                 Tmut/Erth      #.......     97%         2    ###....
 Poisonous Vapours        Pois/Air       #.....       97%         2    ###....
 Searing Ray              Conj           #.....       97%         2    ###....
 Slow                     Hex            #.......     97%         2    ###....
 Sublimation of Blood     Necr           #.........   97%         2    ###....
 Swiftness                Chrm/Air       #.......     97%         2    ###....
 Throw Flame              Conj/Fire      #.....       97%         2    ###....
 Throw Frost              Conj/Ice       #.....       97%         2    ###....
 Call Canine Familiar     Summ           #.......     99%         3    ####...
 Confuse                  Hex            #.......     99%         3    ####...
 Conjure Flame            Conj/Fire      #.......     99%         3    ####...
 Dazzling Spray           Conj/Hex       #.....       99%         3    ####...
 Gell's Gravitas          Tloc           #.........   99%         3    ####...
 Inner Flame              Hex/Fire       #.......     99%         3    ####...
 Mephitic Cloud           Conj/Pois/Air  #.......     99%         3    ####...
 Ozocubu's Armour         Chrm/Ice       #.......     99%         3    ####...
 Portal Projectile        Hex/Tloc       #.....       99%         3    ####...
 Recall                   Summ/Tloc      N/A          99%         3    ####...
 Static Discharge         Conj/Air       #.......     99%         3    ####...
 Stone Arrow              Conj/Erth      #.....       99%         3    ####...
 Summon Guardian Golem    Hex/Summ       #.......     99%         3    ####...
 Tukima's Dance           Hex            #.......     99%         3    ####...
 Airstrike                Air            #.........   100%        4    #####..
 Cause Fear               Hex            #.........   100%        4    #####..
 Force Lance              Conj/Tloc      #.......     100%        4    #####..
 Fulminant Prism          Conj/Hex       #.........   100%        4    #####..
 Ice Form                 Ice/Tmut       #.......     100%        4    #####..
 Iskenderun's Mystic Bla  Conj           #.......     100%        4    #####..
 Leda's Liquefaction      Hex/Erth       #.........   100%        4    #####..
 Passage of Golubria      Tloc           N/A          100%        4    #####..
 Petrify                  Tmut/Erth      #.......     100%        4    #####..
 Sticky Flame             Conj/Fire      #.......     100%        4    #####..
 Summon Ice Beast         Ice/Summ       #.......     100%        4    #####..
 Summon Lightning Spire   Summ/Air       #.......     100%        4    #####..
 Throw Icicle             Conj/Ice       #.......     100%        4    #####..
 Agony                    Necr           #.......     100%        5    ######.
 Aura of Abjuration       Summ           #.........   100%        5    ######.
 Bolt of Draining         Conj/Necr      #.........   100%        5    ######.
 Dispel Undead            Necr           #.......     100%        5    ######.
 Excruciating Wounds      Chrm/Necr      #.........   100%        5    ######.
 Fireball                 Conj/Fire      #.........   100%        5    ######.
 Irradiate                Conj/Tmut      #.........   100%        5    ######.
 Lee's Rapid Deconstruct  Erth           #.........   100%        5    ######.
 Lightning Bolt           Conj/Air       #.........   100%        5    ######.
 Metabolic Englaciation   Hex/Ice        #.........   100%        5    ######.
 Summon Demon             Summ           #.........   100%        5    ######.
 Summon Forest            Summ/Tloc      #.........   100%        5    ######.
 Summon Mana Viper        Hex/Summ       #.......     100%        5    ######.
 Yara's Violent Unravell  Hex/Tmut       #.........   100%        5    ######.
 Bolt of Cold             Conj/Ice       #.........   100%        6    #######
 Darkness                 Hex            #.........   100%        6    #######
 Freezing Cloud           Conj/Ice/Air   #.........   100%        6    #######
 Hydra Form               Tmut           #.........   100%        6    #######
 Invisibility             Hex            #.......     100%        6    #######
 Ozocubu's Refrigeration  Ice            #.........   100%        6    #######
 Shadow Creatures         Summ           N/A          100%        6    #######
 Simulacrum               Ice/Necr       #.........   100%        6    #######
 Statue Form              Tmut/Erth      #........    100%        6    #######
 Dragon Form              Tmut           #.........   100%        7    #######
 Ring of Flames           Chrm/Fire      #.........   100%        7    #######
 Summon Hydra             Summ           #.........   100%        7    #######
 Ignition                 Fire           #.........   100%        8    #######
 Shatter                  Erth           #.........   100%        9    #######
 Tornado                  Air            #.........   100%        9    #######


Dungeon Overview and Level Annotations

Branches:
Dungeon (15/15)            Temple (1/1) D:6            Lair (6/6) D:11
 Shoals (0/4) Lair:4       Spider (4/4) Lair:2        Slime (0/5) Lair:6
    Orc (2/2) D:9             Elf (0/3) Orc:2        Vaults (5/5) D:14
  Crypt (0/3) Vaults:2     Depths (4/5) D:15

Altars:
Ashenzari
Cheibriados
Dithmenos
Elyvilon
Fedhas
Gozag
Hepliaklqana
Kikubaaqudgha
Makhleb
Nemelex Xobeh
Okawaru
Qazlal
Ru
Sif Muna
Trog
Uskayaw
Vehumet
Wu Jian
Xom
Yredelemnul
Zin
The Shining One
Beogh

Shops:
D:4 *   Orc:2 [??   Vaults:3 (   Vaults:4 =   Depths:3 :![(

Portals:
Hell: Depths:1 Depths:2 Depths:3 Depths:4
Pandemonium: Depths:3
Ziggurat: Depths:3

Annotations:
D:4 1 runed door


Innate Abilities, Weirdness & Mutations

You cannot be hasted, slowed, berserked, paralysed or teleported.
You can dig through walls and to a lower floor.
Your four strong arms can wield two-handed weapons with a shield.
You have a pair of large antennae on your head. (SInv)
You are somewhat resistant to further mutation.


Message History

Unknown command.
You feel much better. You block the flying skull's attack.
You block the spriggan berserker's attack.
The skeletal warrior hits you but does no damage.
The fire giant hits you but does no damage.
The flayed ghost stares at you with tortured malice.
Terrible wounds spread across more of your body!
* * * LOW HITPOINT WARNING * * *
You block the phantasmal warrior's attack.
Are you sure you want to shaft yourself?
You feel quite a bit more hungry. You block the flying skull's attack.
The flying skull barely misses you.
The spriggan berserker hits you with an antimagic broad axe!!
* * * LOW HITPOINT WARNING * * *
You feel your power leaking away.
You block the skeletal warrior's attack.
You block the flying skull's attack.
The flying skull hits you but does no damage.
The phantasmal warrior hits you!
You die...

......#..........#∩..8....
.....#.....≈...C#........
......≈.....≈..#........
.[....≈.....≈..##......#
............≈...###{....
...........≈≈≈....#.z...
........W..≈≈≈...§.#....
≈≈≈.....z........§....V#
≈≈....C@izZZ.....§.W...#
....#.zWzW..........#### .
##.zWW##.........# #
#...≈≈.....#......# #
....≈≈≈≈≈.###......# #
≈≈≈≈.≈≈≈≈≈..##......# #
≈≈...?......#..#....# #
≈≈........... #### # #


You could see a fire giant, an ettin (fleeing), a skeletal warrior, a flayed
ghost, a spriggan berserker (berserk), a curse skull, a phantasmal warrior, a
spectral hell knight, a hungry ghost, 2 wraiths, 3 flying skulls and a deep elf
death mage simulacrum.

Vanquished Creatures
  Mennas (Vaults:3)
  An ancient lich (Vaults:5)
  A juggernaut (Depths:1)
  Margery (Depths:4)
  A caustic shrike (shapeshifter) (Depths:2)
  A caustic shrike (Depths:2)
  4 golden dragons
  Jory (Vaults:4)
  A profane servitor (Abyss:2)
  4 tentacled monstrosities
  Rupert (D:13)
  6 liches
  2 quicksilver dragons (Vaults:4)
  8 sphinxes
  4 titans
  A tentacled starspawn (Abyss:2)
  The ghost of Dodenor the Crack Shot, an adept CeHu of Okawaru (Spider:1)
  7 tengu reavers
  4 shadow dragons (Vaults:5)
  A shadow dragon (shapeshifter) (Depths:3)
  2 storm dragons
  2 iron dragons
  5 frost giants
  17 fire giants
  5 deep elf sorcerers
  Louise (Spider:4)
  A caustic shrike zombie (Depths:4)
  4 ghost moths
  10 vault wardens
  An orc warlord (D:7)
  6 emperor scorpions
  2 deep elf elementalists
  4 large abominations
  3 caustic shrike skeletons (Depths:4)
  24 stone giants
  A war gargoyle (Vaults:5)
  13 ironheart preservers
  34 very ugly things
  A spriggan defender (Depths:2)
  5 entropy weavers
  3 deep elf demonologists
  A deep elf annihilator (Vaults:4)
  2 spark wasps (Spider:4)
  A minotaur (Lab)
  A merfolk javelineer (Depths:4)
  17 ettins
  An ettin (shapeshifter) (Vaults:4)
  13 fire dragons
  2 crystal guardians (Vaults:3)
  4 deep elf death magi
  2 deep elf high priests (Vaults:5)
  5 great orbs of eyes
  Erolcha (D:12)
  A quicksilver dragon skeleton (Depths:4)
  Harold (D:8)
  6 hydras
  13 ice dragons
  26 vault guards
  2 spriggan air magi (Depths:2)
  8 rakshasas
  13 yaktaur captains
  9 centaur warriors
  59 two-headed ogres
  3 dancing weapons
  4 death knights
  A two-headed ogre (shapeshifter) (Vaults:2)
  A queen ant (Lair:6)
  2 tengu warriors
  3 vampire magi (Vaults:2)
  22 ogre magi
  4 death yaks (Lair:6)
  The ghost of flt the Covert, a journeyman OpVM of Sif Muna (D:11)
  3 deep troll earth magi
  7 orc high priests (Orc:2)
  6 deep troll shamans
  A thrashing horror (Abyss:2)
  11 spriggan berserkers
  A death yak (shapeshifter) (Vaults:5)
  The ghost of Pepega the Covert, a journeyman SpAs of Gozag (D:12)
  2 titan skeletons (Depths:4)
  A sun demon (Abyss:2)
  9 hell knights
  A spriggan (Depths:1)
  8 deep elf knights
  An iron troll (Depths:3)
  3 shadow wraiths
  A storm dragon skeleton (Depths:4)
  2 wretched stars (Abyss:2)
  An unseen horror (shapeshifter) (Vaults:2)
  22 skeletal warriors
  14 deep trolls
  4 unseen horrors
  5 flayed ghosts
  A tengu zombie (Depths:1)
  A wolf spider zombie (D:14)
  9 small abominations
  5 glowing orange brains
  16 orc knights
  5 phantasmal warriors
  7 wizards
  2 golden dragon skeletons (Depths:4)
  2 tengu skeletons
  18 deep elf magi
  10 necromancers
  An orb spider (shapeshifter) (Depths:3)
  12 ironbrand convokers
  Pikel (D:4)
  8 harpies (Vaults:1)
  2 deep elf archers (Vaults:4)
  48 ugly things
  21 orb spiders
  45 wolf spiders
  A cyclops (shapeshifter) (Vaults:5)
  7 orc sorcerers
  A frost giant zombie (Vaults:1)
  2 sphinx skeletons (Depths:4)
  A stone giant zombie (Vaults:1)
  A shadow dragon skeleton (Depths:2)
  8 cyclopes
  A manticore (shapeshifter) (Depths:2)
  A fire giant zombie (Abyss:2)
  2 iron dragon skeletons (Depths:4)
  3 moths of wrath
  A worldbinder (Abyss:2)
  13 vault sentinels
  3 black mambas
  2 fire giant skeletons (Depths:4)
  2 frost giant skeletons
  9 elephants
  5 centaur zombies
  Maurice (D:11)
  Psyche (D:8)
  2 orange demons
  6 gargoyles
  Joseph (D:10)
  A spiny frog (shapeshifter) (D:15)
  85 yaktaurs
  An ice statue (IceCv)
  22 spiny frogs
  A yaktaur zombie (Vaults:3)
  5 rime drakes
  The ghost of Adamkad1 the Charmwright, a novice HaSk (D:5)
  A rime drake (shapeshifter) (Vaults:2)
  16 freezing wraiths
  2 kobold demonologists
  6 komodo dragons
  An ice devil (Depths:1)
  20 demonic crawlers
  A queen bee (Spider:3)
  A troll (shapeshifter) (D:14)
  3 meliai
  A meliai (shapeshifter) (Vaults:3)
  3 polar bears
  10 trolls
  An ancient zyme (Abyss:2)
  A wind drake (shapeshifter) (Vaults:5)
  2 tengu conjurers
  49 jumping spiders
  4 tyrant leeches (Lair:6)
  16 hornets
  A minotaur skeleton (Lab)
  A yaktaur skeleton (Vaults:1)
  A wolf spider simulacrum (IceCv)
  Prince Ribbit (D:5)
  10 hippogriffs
  A snapping turtle (Lair:4)
  16 dream sheep
  18 blink frogs
  A raiju (Abyss:2)
  20 slime creatures
  The ghost of Freyura the Skirmisher, an amateur GrFi (D:4)
  A spriggan zombie (Depths:1)
  A stone giant simulacrum (Vaults:2)
  2 hippogriffs (shapeshifter)
  A snapping turtle (shapeshifter) (Vaults:4)
  3 spriggan skeletons
  53 redbacks
  A spriggan (shapeshifter) (Vaults:5)
  4 shadows
  8 water elementals (Depths:4)
  2 wyverns
  5 flying skulls
  3 wraiths
  A vampire (D:13)
  2 ynoxinuls (Abyss:2)
  Sigmund (D:2)
  A yak (shapeshifter) (Vaults:1)
  2 basilisks
  2 elf zombies
  34 yaks
  2 ettin skeletons
  A hungry ghost (D:13)
  21 tarantellas
  A golden eye (Abyss:2)
  5 neqoxecs (Abyss:2)
  A steam dragon (Lair:4)
  11 vampire mosquitoes
  4 elf skeletons (Depths:4)
  A steam dragon (shapeshifter) (Vaults:5)
  11 wargs
  A human simulacrum (Vaults:1)
  A naga (shapeshifter) (Vaults:1)
  A death yak simulacrum (IceCv)
  19 soldier ants
  A swamp worm (shapeshifter) (D:11)
  2 acid dragons
  11 water moccasins
  Edmund (D:3)
  6 porcupines
  A floating eye (shapeshifter) (Vaults:4)
  2 floating eyes (Depths:3)
  33 orc warriors
  4 black bears
  A fire dragon simulacrum (Depths:1)
  A hornet zombie (D:14)
  7 sky beasts
  18 ice beasts
  A black bear (shapeshifter) (D:15)
  2 phantoms
  An ogre (shapeshifter) (Vaults:5)
  An eye of draining (D:14)
  3 necrophages
  A snapping turtle zombie (Abyss:2)
  A tengu (shapeshifter) (D:15)
  8 boggarts (Vaults:2)
  19 centaurs
  43 ogres
  14 wolves
  11 crocodiles
  A big kobold (D:9)
  34 bullfrogs
  2 gnoll sergeants
  A wyvern skeleton (D:13)
  7 scorpions
  37 killer bees
  6 wights
  6 howler monkeys
  5 electric eels
  2 draconian simulacra (IceCv)
  4 lava snakes (Lab)
  7 crimson imps
  A quasit (D:6)
  7 hounds
  8 jellies
  18 orc wizards
  3 bullfrog skeletons
  31 orc priests
  Crazy Yiuf (D:5)
  6 centaur skeletons
  3 iron imps (Abyss:2)
  5 iguanas
  20 worker ants
  Natasha (thrice) (D:2)
  A spriggan simulacrum (IceCv)
  A worker ant (shapeshifter) (Depths:3)
  5 troll simulacra (IceCv)
  2 wolf simulacra (IceCv)
  4 centaur simulacra (IceCv)
  2 hound zombies (D:5)
  A hound skeleton (D:7)
  A worker ant zombie (D:10)
  Robin (D:4)
  11 gnolls
  A howler monkey skeleton (D:6)
  11 adders
  3 naga simulacra (IceCv)
  6 ogre simulacra
  3 river rats (D:3)
  7 shadow imps
  12 white imps (IceCv)
  An ufetubus (Abyss:2)
  8 oozes
  An adder zombie (D:6)
  2 adder skeletons
  3 worms
  2 dart slugs (D:2)
  8 leopard geckos
  104 orcs
  3 ball pythons
  9 bats
  5 giant cockroaches
  12 goblins
  16 hobgoblins
  17 kobolds
  5 quokkas
  9 frilled lizards
  2 quokka zombies
  8 rats
  A butterfly (Spider:1)
  A crawling corpse (Vaults:4)
  4 fungi
  11 plants
  A starspawn tentacle (Abyss:2)
2064 creatures vanquished.

Vanquished Creatures (collateral kills)
  A gargoyle (D:12)
1 creature vanquished.

Vanquished Creatures (others)
  A fire giant (Depths:3)
  A killer bee (Spider:3)
  A hound (D:4)
  A worm (D:4)
  A dart slug (D:4)
  A leopard gecko (D:6)
  A quokka (D:4)
  A bush (Lair:6)
  6 fungi
  32 plants
  2 starspawn tentacles (Abyss:2)
48 creatures vanquished.

Grand Total: 2113 creatures vanquished

Notes
Turn   | Place    | Note
-------+----------+-------------------------------------------
     0 | D:1      | Kondratello the Formicid Fighter began the quest for the
                  | Orb.
     0 | D:1      | Reached XP level 1. HP: 18/18 MP: 1/1
   103 | D:1      | Reached XP level 2. HP: 24/25 MP: 2/2
   163 | D:1      | You fall through a shaft!
   208 | D:2      | Reached XP level 3. HP: 25/31 MP: 3/3
   313 | D:2      | Reached skill level 5 in Fighting
   314 | D:2      | Reached XP level 4. HP: 39/39 MP: 4/4
   537 | D:2      | Noticed Natasha
   538 | D:2      | Found a shadowy altar of Dithmenos.
   550 | D:2      | Killed Natasha
   670 | D:2      | Noticed Sigmund
   702 | D:2      | Killed Sigmund
   702 | D:2      | Reached XP level 5. HP: 48/48 MP: 5/5
   702 | D:2      | Reached XP level 6. HP: 55/55 MP: 6/6
   885 | D:2      | Noticed Natasha
   895 | D:2      | Killed Natasha
  1560 | D:2      | Noticed Natasha
  1571 | D:2      | Killed Natasha
  2212 | D:3      | Reached XP level 7. HP: 62/62 MP: 7/7
  2614 | D:4      | Noticed Pikel
  2631 | D:4      | Killed Pikel
  2631 | D:4      | Reached XP level 8. HP: 35/68 MP: 8/8
  2825 | D:4      | Found a burning altar of Makhleb.
  2889 | D:4      | Found Sfiekeod's Superlative Supplies.
  2923 | D:4      | Found a snail-covered altar of Cheibriados.
  3040 | D:4      | Noticed Robin
  3046 | D:4      | Killed Robin
  3153 | D:4      | Found a runed door.
  3156 | D:4      | Noticed Freyura's ghost (amateur GrFi)
  3188 | D:4      | Found a runed door.
  3717 | D:5      | Entered Level 5 of the Dungeon
  3784 | D:5      | Found a large runed door.
  3784 | D:5      | Found a large runed door.
  4034 | D:5      | Noticed Edmund
  4039 | D:5      | Found a white marble altar of Elyvilon.
  4041 | D:5      | Noticed Prince Ribbit
  4122 | D:3      | You fall through a shaft for 3 floors!
  4513 | D:6      | Reached skill level 5 in Shields
  4589 | D:6      | Found a staircase to the Ecumenical Temple.
  4602 | Temple   | Entered the Ecumenical Temple
  4810 | Temple   | Became a worshipper of Warmaster Okawaru
  5075 | D:5      | Found a runed door.
  5079 | D:5      | Noticed Crazy Yiuf
  5085 | D:5      | Killed Crazy Yiuf
  5122 | D:5      | Reached XP level 9. HP: 74/74 MP: 9/9
  5191 | D:5      | Killed Prince Ribbit
  5191 | D:5      | Reached * piety under Okawaru
  5457 | D:5      | Noticed Adamkad1's ghost (novice HaSk)
  5739 | D:3      | Killed Edmund
  6074 | D:4      | Killed Freyura's ghost
  6074 | D:4      | Reached skill level 2 in Axes
  6242 | D:5      | Killed Adamkad1's ghost
  6242 | D:5      | Reached skill level 3 in Axes
  6439 | D:6      | Reached skill level 4 in Axes
  6718 | D:7      | Reached skill level 5 in Axes
  6748 | D:7      | Reached XP level 10. HP: 80/80 MP: 10/10
  6779 | D:7      | Found a flagged portal.
  6814 | Bailey   | Entered a bailey
  6828 | Bailey   | Noticed an orc warlord
  6911 | Bailey   | Found a runed gate.
  6913 | Bailey   | Found a runed gate.
  6915 | Bailey   | Found a runed gate.
  6922 | Bailey   | Noticed an orc knight
  6940 | Bailey   | Killed an orc knight
  6940 | Bailey   | Reached ** piety under Okawaru
  6940 | Bailey   | Reached skill level 7 in Axes
  7391 | D:7      | HP: 4/80 [orc warlord/broad axe (22)]
  7392 | D:7      | Killed an orc warlord
  7392 | D:7      | Reached skill level 9 in Axes
  7991 | D:7      | Found a shadowy altar of Dithmenos.
  7998 | D:7      | Found an opulent altar of Gozag.
  7998 | D:7      | Found a radiant altar of Vehumet.
  7998 | D:7      | You fall through a shaft for 3 floors!
  7998 | D:10     | Entered Level 10 of the Dungeon
  8106 | D:10     | Noticed Joseph
  8130 | D:10     | Killed Joseph
  8150 | D:9      | Reached skill level 10 in Axes
  8157 | D:9      | Reached *** piety under Okawaru
  8157 | D:9      | Reached XP level 11. HP: 86/86 MP: 8/11
  8207 | D:9      | Found a sparkling altar of Nemelex Xobeh.
  8347 | D:9      | Reached skill level 11 in Axes
  8391 | D:9      | Noticed a two-headed ogre
  8405 | D:9      | Killed a two-headed ogre
  8405 | D:9      | Reached **** piety under Okawaru
  8659 | D:9      | Found a staircase to the Orcish Mines.
  8660 | D:9      | Noticed a two-headed ogre
  8672 | D:9      | Killed a two-headed ogre
  8672 | D:9      | Reached skill level 12 in Axes
  9204 | D:8      | Found a white marble altar of Elyvilon.
  9207 | D:8      | Noticed a two-headed ogre
  9217 | D:8      | Killed a two-headed ogre
  9317 | D:8      | Noticed Harold
  9348 | D:8      | Killed Harold
  9354 | D:8      | Reached skill level 13 in Axes
  9423 | D:8      | Reached ***** piety under Okawaru
  9973 | D:8      | Noticed Psyche
 10046 | D:8      | Killed Psyche
 10046 | D:8      | Reached XP level 12. HP: 85/92 MP: 12/12
 10675 | D:7      | Found a hide-covered altar of Uskayaw.
 10677 | D:7      | Found a shimmering altar of Xom.
 11261 | D:10     | Reached skill level 14 in Axes
 11664 | D:10     | Received a gift from Okawaru
 12249 | D:11     | Noticed a two-headed ogre
 12274 | D:11     | Noticed a skeletal warrior
 12423 | D:11     | Noticed a skeletal warrior
 12452 | D:10     | Killed a skeletal warrior
 12515 | D:11     | Reached skill level 15 in Axes
 12752 | D:11     | Killed a two-headed ogre
 12752 | D:11     | Received a gift from Okawaru
 12800 | D:11     | Killed a skeletal warrior
 12800 | D:11     | Noticed a skeletal warrior
 12805 | D:11     | Noticed a skeletal warrior
 13126 | D:12     | Noticed Maurice
 13126 | D:12     | Noticed Erolcha
 13179 | D:10     | Killed a skeletal warrior
 13453 | D:11     | Received a gift from Okawaru
 13531 | D:11     | Reached XP level 13. HP: 95/98 MP: 13/13
 13688 | D:11     | Found a large runed door.
 13688 | D:11     | Found a large runed door.
 13690 | D:11     | Noticed flt's ghost (journeyman OpVM)
 13715 | D:11     | Killed flt's ghost
 13715 | D:11     | Received a gift from Okawaru
 13715 | D:11     | Reached skill level 16 in Axes
 13848 | D:11     | Found a staircase to the Lair.
 13964 | D:11     | Found a runed door.
 14152 | D:11     | Noticed a sphinx
 14164 | D:10     | Killed a sphinx
 14164 | D:10     | Received a gift from Okawaru
 14164 | D:10     | Reached skill level 17 in Axes
 14165 | D:10     | Got a dazzling ring mail {god gift}
 14176 | D:10     | Identified the +2 ring mail of Oblu {rElec Dex+2} (Okawaru
                  | gifted it to you on level 10 of the Dungeon)
 14605 | D:11     | Killed Maurice
 14649 | D:12     | Killed Erolcha
 14710 | D:12     | Noticed a five-headed hydra
 14716 | D:12     | Killed a one-headed hydra
 14946 | D:12     | Found a runed door.
 14949 | D:12     | Noticed Pepega's ghost (journeyman SpAs)
 14999 | D:12     | Killed Pepega's ghost
 15004 | D:12     | Got a coiled amber ring
 15005 | D:12     | Identified the ring "Fuzyixze" {*Tele +Inv Int+4 Dex+4}
                  | (You found it on level 12 of the Dungeon)
 15458 | D:13     | Reached skill level 18 in Axes
 15535 | D:13     | Noticed a centaur warrior
 15540 | D:13     | Noticed Rupert
 15553 | D:13     | Killed a centaur warrior
 15572 | D:13     | Killed Rupert
 15572 | D:13     | Received a gift from Okawaru
 15572 | D:13     | Reached XP level 14. HP: 54/105 MP: 11/14
 15815 | D:14     | Reached skill level 10 in Armour
 15893 | D:14     | Reached skill level 10 in Shields
 16194 | D:14     | Found a gate to the Vaults.
 16419 | D:14     | Received a gift from Okawaru
 16635 | D:15     | Entered Level 15 of the Dungeon
 17023 | D:15     | Reached ****** piety under Okawaru
 17109 | D:15     | Reached XP level 15. HP: 110/110 MP: 15/15
 17146 | D:15     | Found a shimmering altar of Xom.
 17201 | D:15     | Reached skill level 15 in Shields
 17218 | D:15     | Reached skill level 1 in Invocations
 17515 | D:15     | Found a staircase to the Depths.
 17827 | D:11     | Received a gift from Okawaru
 17832 | D:11     | Got a shimmering chain mail {god gift}
 17847 | D:11     | Identified the +2 chain mail of Udyifel {+Fly Str-4 Dex+5}
                  | (Okawaru gifted it to you on level 11 of the Dungeon)
 17972 | Orc:1    | Entered Level 1 of the Orcish Mines
 18064 | Orc:1    | Noticed a stone giant
 18088 | Orc:1    | Killed a stone giant
 18088 | Orc:1    | Reached skill level 5 in Invocations
 18238 | Orc:2    | Entered Level 2 of the Orcish Mines
 18294 | Orc:2    | Found a bloodstained altar of Trog.
 18363 | Orc:2    | Found a staircase to the Elven Halls.
 18572 | Orc:2    | Found Fisud's Magic Scroll Boutique.
 18572 | Orc:2    | Found Tydyh Sir's Armour Shoppe.
 18707 | Orc:2    | Bought a scroll of noise for 12 gold pieces
 18791 | Orc:2    | Found a roughly hewn altar of Beogh.
 18809 | Orc:2    | Found Wuphup's Magic Scroll Boutique.
 18809 | Orc:2    | Found Kiarph Cenee's General Store.
 19020 | Orc:2    | Found a roughly hewn altar of Beogh.
 19543 | Lair:1   | Entered Level 1 of the Lair of Beasts
 20512 | Lair:2   | Received a gift from Okawaru
 20914 | Lair:2   | Found a hole to the Spider Nest.
 21634 | Lair:3   | Found a frozen archway.
 21656 | IceCv    | Entered an ice cave
 21744 | IceCv    | Reached XP level 16. HP: 106/117 MP: 22/22
 21808 | IceCv    | Found an ancient bone altar of Kikubaaqudgha.
 23255 | Lair:4   | Found a staircase to the Shoals.
 23638 | Lair:5   | Reached skill level 19 in Axes
 23682 | Lair:5   | Received a gift from Okawaru
 24001 | Lair:5   | Found a labyrinth entrance.
 24010 | Lab      | Entered a labyrinth
 25011 | Lair:5   | Received a gift from Okawaru
 25012 | Lair:5   | Got a pair of dazzling gloves {god gift}
 25023 | Lair:5   | Identified the -3 pair of gloves "Rysiwav" {MR+} (Okawaru
                  | gifted it to you on level 5 of the Lair of Beasts)
 25529 | Lair:6   | Entered Level 6 of the Lair of Beasts
 25601 | Lair:6   | Found a staircase to the Slime Pits.
 25840 | Lair:6   | Reached skill level 20 in Axes
 25900 | Lair:6   | Got a warped zirconium amulet
 25902 | Lair:6   | Identified the amulet "Gucruff" {Acrobat rF+++ Slay-4} (You
                  | found it on level 6 of the Lair of Beasts)
 26337 | Lair:5   | Reached XP level 17. HP: 112/122 MP: 23/23
 26436 | Lair:6   | Received a gift from Okawaru
 26485 | Lair:6   | Got a polished large shield {god gift}
 26496 | Lair:6   | Identified the +1 large shield of the Cricket {rElec}
                  | (Okawaru gifted it to you on level 6 of the Lair of Beasts)
 27011 | Spider:1 | Entered Level 1 of the Spider Nest
 27128 | Spider:1 | Found a runed door.
 27128 | Spider:1 | Found a shimmering altar of Xom.
 27128 | Spider:1 | Noticed Dodenor's ghost (adept CeHu)
 27175 | Spider:1 | Killed Dodenor's ghost
 27664 | Spider:1 | Reached skill level 15 in Armour
 28144 | Spider:2 | Reached skill level 10 in Fighting
 28332 | Spider:2 | Received a gift from Okawaru
 28339 | Spider:2 | Got an ivory fustibalus {god gift}
 28921 | Spider:2 | Reached XP level 18. HP: 134/140 MP: 24/24
 29761 | Spider:2 | Received a gift from Okawaru
 30192 | Spider:3 | Found the +8 demon blade "Bloodbane" {slice, *Rage +Rage
                  | Stlth-}
 30326 | Spider:3 | Got a bloodstained chain mail
 30337 | Spider:3 | Identified the +5 chain mail of Tuleolac {rN+} (You found
                  | it on level 3 of the Spider Nest)
 30382 | Spider:4 | Entered Level 4 of the Spider Nest
 30405 | Spider:4 | Noticed Louise
 30425 | Spider:4 | Killed Louise
 30427 | Spider:4 | Got a smoking large shield
 30470 | Spider:4 | Identified the cursed +0 large shield of the Flute {Slay+2}
                  | (You took it off Louise on level 4 of the Spider Nest)
 30708 | Spider:4 | Received a gift from Okawaru
 30726 | Spider:4 | Got an ichor-stained battleaxe {god gift}
 30727 | Spider:4 | Identified the +8 battleaxe of Jusac {drain, rC++ MR- Dex+4
                  | Stlth+} (Okawaru gifted it to you on level 4 of the Spider
                  | Nest)
 31322 | Spider:4 | Received a gift from Okawaru
 31750 | Spider:4 | Got a gossamer rune of Zot
 32098 | Vaults:1 | Entered Level 1 of the Vaults
 32106 | D:14     | Reached XP level 19. HP: 144/146 MP: 25/25
 32538 | Vaults:1 | Received a gift from Okawaru
 32612 | Vaults:1 | Received a gift from Okawaru
 33153 | Vaults:1 | Received a gift from Okawaru
 33165 | Vaults:1 | Identified 2 scrolls of acquirement
 33637 | Vaults:1 | Reached XP level 20. HP: 131/158 MP: 26/26
 33845 | Vaults:2 | Received a gift from Okawaru
 33857 | Vaults:2 | Found a staircase to the Crypt.
 33861 | Vaults:2 | Got a scorched battleaxe {god gift}
 33862 | Vaults:2 | Identified the +7 battleaxe of the Thoughtful People
                  | {flame, +Inv rC+ Stlth-} (Okawaru gifted it to you on level
                  | 2 of the Vaults)
 34579 | Vaults:2 | Reached skill level 15 in Fighting
 35289 | Vaults:3 | Received a gift from Okawaru
 35929 | Vaults:3 | Received a gift from Okawaru
 36164 | Vaults:3 | Reached XP level 21. HP: 153/175 MP: 27/27
 36628 | Vaults:3 | Found Nag Mio's Weapon Boutique.
 36909 | Vaults:4 | Received a gift from Okawaru
 37007 | Vaults:4 | Noticed Mennas
 37115 | Vaults:3 | HP: 4/178 [Mennas/sacred scourge of holy wrath (15)]
 37388 | Vaults:3 | Killed Mennas
 37664 | Vaults:4 | Got a shimmering wooden ring
 37813 | Vaults:4 | Found Izuntek's Jewellery Emporium.
 38091 | Vaults:4 | Received a gift from Okawaru
 38275 | Vaults:4 | Reached XP level 22. HP: 159/190 MP: 21/28
 38293 | Vaults:4 | Received a gift from Okawaru
 38307 | Vaults:4 | Noticed Jory
 38331 | Vaults:4 | Killed Jory
 38895 | Vaults:5 | Entered Level 5 of the Vaults
 38986 | Vaults:4 | Reached skill level 21 in Axes
 39234 | Vaults:5 | Noticed a golden dragon
 39291 | Vaults:4 | Received a gift from Okawaru
 39335 | Vaults:4 | Killed a golden dragon
 39382 | Vaults:5 | Noticed a golden dragon
 39532 | Vaults:4 | Killed a golden dragon
 39791 | Vaults:5 | Reached skill level 22 in Axes
 39799 | Vaults:5 | Cast into level 2 of the Abyss (a deep elf sorcerer)
 39840 | Abyss:2  | Found a corrupted altar of Lugonu.
 39995 | Abyss:2  | Received a gift from Okawaru
 40091 | Abyss:2  | Noticed a profane servitor
 40122 | Abyss:2  | Killed a profane servitor
 40221 | Abyss:2  | Identified the ring "Xacwailol" {+Fly rN+ Str+2 Dex+4} (You
                  | found it on level 4 of the Vaults)
 40302 | Abyss:2  | Gained mutation: Your spells are a little harder to cast,
                  | but a little more powerful. [a neqoxec]
 40317 | Abyss:2  | Gained mutation: You are frail. (-10% HP) [a neqoxec]
 40402 | Vaults:5 | Escaped the Abyss
 40557 | Vaults:4 | Lost mutation: You are frail. (-10% HP) [potion of
                  | mutation]
 40557 | Vaults:4 | Lost mutation: Your spells are a little harder to cast, but
                  | a little more powerful. [potion of mutation]
 40557 | Vaults:4 | Gained mutation: You are dopey. (Int -2) [potion of
                  | mutation]
 40557 | Vaults:4 | Gained mutation: You are frail. (-10% HP) [potion of
                  | mutation]
 40557 | Vaults:4 | Gained mutation: Your natural rate of healing is unusually
                  | fast. [potion of mutation]
 40558 | Vaults:4 | Lost mutation: You are dopey. (Int -2) [potion of mutation]
 40558 | Vaults:4 | Lost mutation: You are frail. (-10% HP) [potion of
                  | mutation]
 40558 | Vaults:4 | Lost mutation: Your natural rate of healing is unusually
                  | fast. [potion of mutation]
 40558 | Vaults:4 | Gained mutation: You are somewhat resistant to further
                  | mutation. [potion of mutation]
 40596 | Vaults:4 | Reached XP level 23. HP: 141/196 MP: 29/29
 40862 | Vaults:5 | Reached skill level 23 in Axes
 41026 | Vaults:5 | Got a bound wooden ring
 41043 | Vaults:5 | Got a sparkling copper amulet
 41101 | Vaults:5 | Noticed an ancient lich
 41102 | Vaults:5 | Received a gift from Okawaru
 41115 | Vaults:5 | Killed an ancient lich
 41390 | Vaults:5 | Got a silver rune of Zot
 41432 | Vaults:5 | Received a gift from Okawaru
 41691 | Vaults:5 | Reached skill level 24 in Axes
 41697 | Vaults:5 | Got a wavering tin ring
 42017 | Vaults:4 | Identified the amulet "Siustrari" {+Rage +Inv} (You took it
                  | off a yaktaur on level 5 of the Vaults)
 42021 | Vaults:4 | Identified the ring of Apniotz {rCorr rF- Int+9 Slay+3}
                  | (You took it off an orc on level 5 of the Vaults)
 42025 | Vaults:4 | Identified the ring of Zijawkuss {Dex+5 Stlth+} (You took
                  | it off a deep elf sorcerer on level 5 of the Vaults)
 42224 | Vaults:5 | Reached XP level 24. HP: 168/204 MP: 29/29
 42450 | Vaults:2 | Got a faintly glowing plate armour
 42461 | Vaults:2 | Identified the +8 plate armour of Precision Catastrophes
                  | {Str+3} (You found it on level 2 of the Vaults)
 42744 | Depths:1 | Entered Level 1 of the Depths
 43062 | Depths:1 | Noticed a juggernaut
 43077 | Depths:1 | Killed a juggernaut
 43619 | Depths:1 | Received a gift from Okawaru
 43758 | Depths:1 | Reached skill level 25 in Axes
 43892 | D:15     | Received a gift from Okawaru
 44557 | Depths:1 | Received a gift from Okawaru
 44805 | Depths:1 | Found the +8 Wrath of Trog {antimagic, *Rage}
 45470 | Depths:1 | Found a gateway to Hell.
 45748 | Depths:2 | Reached skill level 26 in Axes
 45752 | Depths:2 | Noticed a caustic shrike
 46172 | Depths:2 | Killed a caustic shrike
 46172 | Depths:2 | Reached XP level 25. HP: 107/210 MP: 23/29
 46440 | Depths:2 | Received a gift from Okawaru
 46453 | Depths:2 | Noticed a caustic shrike
 46453 | Depths:2 | an iron dragon changed into a caustic shrike
 46466 | Depths:2 | Killed a caustic shrike
 46665 | Depths:2 | Received a gift from Okawaru
 47580 | Depths:3 | Found a gateway to a ziggurat.
 47747 | Depths:3 | Found a one-way gate leading to the halls of Pandemonium.
 47749 | Depths:3 | Found Juotiec's Armour Shop.
 47761 | Depths:3 | Found Jafetudy's Weapon Boutique.
 47774 | Depths:3 | Received a gift from Okawaru
 47906 | Depths:3 | Received a gift from Okawaru
 48093 | Depths:3 | Received a gift from Okawaru
 48523 | Depths:3 | Reached XP level 26. HP: 153/218 MP: 27/29
 48789 | Depths:3 | Found Unaor's Book Boutique.
 48923 | Depths:3 | Found Qiyfus's Distillery.
 48931 | Depths:3 | Bought a potion of agility for 80 gold pieces
 48931 | Depths:3 | Bought a potion of heal wounds for 100 gold pieces
 48931 | Depths:3 | Bought a potion of curing for 60 gold pieces
 48931 | Depths:3 | Bought a potion of resistance for 200 gold pieces
 48931 | Depths:3 | Bought a potion of curing for 60 gold pieces
 48931 | Depths:3 | Bought a potion of heal wounds for 100 gold pieces
 48965 | Depths:3 | Found Unugiterr's Antique Armour Shoppe.
 49761 | Depths:4 | Received a gift from Okawaru
 49834 | Depths:4 | Noticed Margery
 49844 | Depths:4 | Killed Margery
 50027 | Depths:4 | Received a gift from Okawaru
 50157 | Depths:4 | Slain by a phantasmal warrior

Skill      XL: |  1  2  3  4  5  6  7  8  9 10 11 12 13 14 15 16 17 18 19 20 21 22 23 24 25 26 |
---------------+-------------------------------------------------------------------------------+-----
Fighting       | 4 5 7 8 11 12 13 17 20 | 20.0
Armour         | 6 8 9 10 12 13 15 18 20 23 24 | 24.9
Shields        | 6 9 14 15 | 15.0
Axes           | 5 10 13 15 18 20 22 24 26 | 26.0
Invocations    | 8 |  8.0
Staves         | |  2.0

Action                   |  1- 3 |  4- 6 |  7- 9 | 10-12 | 13-15 | 16-18 | 19-21 | 22-24 | 25-27 || total
-------------------------+-------+-------+-------+-------+-------+-------+-------+-------+-------++-------
Melee: Quarterstaff      |    80 |   167 |   389 |   574 |       |       |       |       |       ||  1210
       War axe           |       |       |       |   216 |    72 |       |       |       |       ||   288
       Battleaxe         |       |       |       |       |  1075 |  1512 |  1154 |  1085 |   106 ||  4932
       Executioner's axe |       |       |       |       |       |       |       |       |   613 ||   613
Throw: Throwing net      |       |       |       |     5 |     2 |       |     3 |       |       ||    10
Invok: Heroism           |       |       |     2 |    24 |    18 |     6 |    15 |    12 |     5 ||    82
       Finesse           |       |       |       |       |       |       |     4 |    14 |     3 ||    21
 Abil: Shaft Self        |     1 |       |     1 |       |       |       |       |       |     1 ||     3
       Dig               |       |     5 |     9 |    17 |    25 |    41 |       |     7 |     2 ||   106
       Evoke Flight      |       |       |       |       |       |     1 |       |       |       ||     1
Evoke: Wand              |       |       |     1 |     7 |     4 |       |       |       |       ||    12
       Box of beasts     |       |       |       |       |     1 |     1 |       |       |       ||     2
  Use: Scroll            |       |     2 |     8 |    10 |     5 |     7 |     5 |     3 |     4 ||    44
       Potion            |       |       |       |     2 |       |     3 |    11 |     3 |     4 ||    23
 Stab: Paralysed         |       |       |     4 |     7 |       |       |       |       |       ||    11
       Confused          |       |       |     1 |       |       |       |       |       |       ||     1
       Petrified         |       |       |       |     2 |       |       |       |       |       ||     2
       Petrifying        |       |       |       |     1 |       |       |       |       |       ||     1
       Held in net/web   |       |       |       |     1 |       |       |       |       |       ||     1
       Distracted        |       |       |       |       |       |       |       |       |     1 ||     1
  Eat: Chunk             |       |     1 |    16 |    17 |    31 |    24 |    20 |    23 |    14 ||   146
       Ration            |       |     1 |     1 |     2 |     1 |     5 |       |     1 |       ||    11
Armor: Scale mail        |    34 |       |       |       |       |       |       |       |       ||    34
       Plate armour      |       |    94 |   198 |   339 |   241 |   645 |   301 |    62 |       ||  1880
       Ring mail         |       |       |       |       |       |     1 |       |       |       ||     1
       Gold dragon scale |       |       |       |       |       |       |       |   314 |   263 ||   577
Dodge: Dodged            |    28 |    33 |    76 |   138 |    98 |   259 |   170 |   130 |    87 ||  1019
Block: Shield            |    39 |    97 |   235 |    83 |       |       |       |       |       ||   454
       Large shield      |       |       |       |   690 |   770 |  1716 |   949 |   879 |   515 ||  5519
